[ AOE2 MATCH · #478504237 ]
UnrankedItalians vs Tatars
[ REPLAY ANALYSIS · EXTRACTED FROM THE RECORDED GAME ]
Feudal
10:38
Castle
14:48
Imperial
34:08
| APM avg | 19.9 |
| APM peak | 61 |
| eAPM avg | 14.8 |
| Villagers / military | 113 / 57 |
Focus
⚔️ 21.9% · 🌾 78.1%
Genoese Crossbowman ×43 · Spearman ×8 · Skirmisher ×4 · Mangonel ×2
Feudal
10:56
Castle
14:36
Imperial
29:01
| APM avg | 28.5 |
| APM peak | 72 |
| eAPM avg | 15.5 |
| Villagers / military | 166 / 111 |
Focus
⚔️ 16.6% · 🌾 83.4%
Archer ×91 · Skirmisher ×15 · Trebuchet (Packed) ×5
Feudal
10:58
Castle
14:31
Imperial
28:55
| APM avg | 40.7 |
| APM peak | 87 |
| eAPM avg | 22.6 |
| Villagers / military | 159 / 116 |
Focus
⚔️ 36.6% · 🌾 63.4%
Hand Cannoneer ×70 · Spearman ×35 · Bombard Cannon ×8 · Mangonel ×3
Feudal
11:21
Castle
14:51
Imperial
27:28
| APM avg | 25.7 |
| APM peak | 46 |
| eAPM avg | 16.8 |
| Villagers / military | 126 / 100 |
Focus
⚔️ 32.0% · 🌾 68.0%
Cavalry Archer ×80 · Scorpion ×8 · Battering Ram ×8 · Trebuchet (Packed) ×3 · Monk ×1
Feudal
10:57
Castle
14:36
Imperial
34:57
| APM avg | 54.1 |
| APM peak | 133 |
| eAPM avg | 20.4 |
| Villagers / military | 104 / 5 |
Focus
⚔️ 24.8% · 🌾 75.2%
Unknown (1911) ×74 · Battering Ram ×5
Feudal
11:10
Castle
14:46
Imperial
29:28
| APM avg | 25.1 |
| APM peak | 62 |
| eAPM avg | 17.1 |
| Villagers / military | 118 / 88 |
Focus
⚔️ 18.4% · 🌾 81.6%
Spearman ×51 · Eagle Scout ×37
Feudal
11:05
Castle
14:41
Imperial
32:44
| APM avg | 25.0 |
| APM peak | 70 |
| eAPM avg | 14.4 |
| Villagers / military | 100 / 70 |
Focus
⚔️ 23.2% · 🌾 76.8%
Knight ×60 · Spearman ×5 · Monk ×3 · Trebuchet (Packed) ×2
Feudal
10:56
Castle
14:51
Imperial
27:25
| APM avg | 39.9 |
| APM peak | 75 |
| eAPM avg | 24.4 |
| Villagers / military | 173 / 113 |
Focus
⚔️ 20.4% · 🌾 79.6%
Cavalry Archer ×97 · Knight ×10 · Skirmisher ×5 · Monk ×1
Match map
Initial resources + every placement click. Lines = walls · curves = elevation contours. ◆ gold · ⬟ stone · ● berries · ✦ relic · ◌ wall gap
Your base· ✓ Closed at 14:48 · 0t walls · 2 gate(s)
Ultio's base· ✓ Closed at 14:36 · 0t walls · 3 gate(s)
earthshaker82's base· ✓ Closed at 14:31 · 12t walls · 3 gate(s)
TheBlackMamba's base· ✓ Closed at 14:51 · 1t walls · 7 gate(s)
Cadora's base· ✓ Closed at 14:36 · 0t walls · 3 gate(s)
vio's base· ✓ Closed at 14:46 · 0t walls · 2 gate(s)
iGracchus's base· ✓ Closed at 14:41 · 0t walls · 2 gate(s)
GG's base· ✓ Closed at 14:51 · 0t walls · 2 gate(s)
Smoothed initial terrain · ◌ = detected wall gap · hover for details
Inputs per minute
— Sergio - - Ultio
Build order — Sergio
First 150 of 290 actions detected
| 0:00 | Create | Villager (Male) |
| 0:01 | Create | Villager (Male) |
| 0:01 | Create | Villager (Male) |
| 0:01 | Create | Villager (Male) |
| 0:05 | Build | House |
| 0:07 | Build | House |
| 1:23 | Create | Villager (Male) |
| 1:48 | Build | Lumber Camp |
| 1:50 | Create | Villager (Male) |
| 2:22 | Create | Villager (Male) |
| 2:52 | Create | Villager (Male) |
| 3:02 | Build | House |
| 3:06 | Create | Villager (Male) |
| 3:44 | Create | Villager (Male) |
| 4:00 | Build | Mill |
| 4:18 | Create | Villager (Male) |
| 4:28 | Create | Villager (Male) |
| 4:28 | Create | Villager (Male) |
| 5:03 | Create | Villager (Male) |
| 5:30 | Create | Villager (Male) |
| 5:31 | Create | Villager (Male) |
| 5:38 | Build | House |
| 6:19 | Create | Villager (Male) |
| 6:28 | Build | Mining Camp |
| 6:52 | Create | Villager (Male) |
| 7:19 | Create | Villager (Male) |
| 7:35 | Build | House |
| 7:47 | Create | Villager (Male) |
| 7:53 | Create | Villager (Male) |
| 7:59 | Research | Feudal Age |
| 10:03 | Create | Villager (Male) |
| 10:03 | Create | Villager (Male) |
| 10:38 | Age | Feudal Age |
| 10:43 | Build | Market |
| 10:50 | Build | Blacksmith |
| 11:04 | Build | Farm |
| 11:04 | Build | Farm |
| 11:05 | Build | Farm |
| 11:10 | Build | Farm |
| 11:44 | Build | Mill |
| 11:56 | Research | Loom |
| 12:06 | Research | Castle Age |
| 12:09 | Research | Loom |
| 12:30 | Research | Double-Bit Axe |
| 13:16 | Research | Horse Collar |
| 14:19 | Create | Villager (Male) |
| 14:19 | Create | Villager (Male) |
| 14:48 | Age | Castle Age |
| 14:51 | Build | Outpost |
| 15:09 | Create | Villager (Male) |
| 15:42 | Create | Villager (Male) |
| 15:45 | Build | House |
| 16:17 | Build | Castle |
| 16:22 | Create | Villager (Male) |
| 16:40 | Create | Villager (Male) |
| 17:03 | Build | Barracks |
| 17:20 | Create | Villager (Male) |
| 17:47 | Create | Villager (Male) |
| 17:55 | Create | Spearman |
| 17:58 | Create | Villager (Male) |
| 18:04 | Build | House |
| 18:07 | Research | Bow Saw |
| 18:10 | Research | Heavy Plow |
| 18:14 | Create | Villager (Male) |
| 18:22 | Build | Town Center |
| 18:27 | Research | Squires |
| 18:28 | Research | Padded Archer Armor |
| 18:28 | Research | Fletching |
| 18:39 | Create | Spearman |
| 18:39 | Create | Spearman |
| 18:45 | Research | Forging |
| 18:49 | Create | Villager (Male) |
| 18:57 | Build | Siege Workshop |
| 19:06 | Create | Spearman |
| 19:34 | Create | Mangonel |
| 19:42 | Create | Spearman |
| 19:52 | Create | Spearman |
| 20:02 | Create | Spearman |
| 20:03 | Create | Genoese Crossbowman |
| 20:07 | Create | Mangonel |
| 20:18 | Create | Genoese Crossbowman |
| 20:29 | Create | Villager (Male) |
| 20:51 | Create | Spearman |
| 21:19 | Build | Farm |
| 21:20 | Build | Farm |
| 21:20 | Build | Farm |
| 21:20 | Build | Farm |
| 21:20 | Build | Farm |
| 21:20 | Build | Farm |
| 21:21 | Build | Farm |
| 21:25 | Build | Town Center |
| 22:14 | Create | Villager (Male) |
| 22:14 | Create | Villager (Male) |
| 22:27 | Build | Town Center |
| 23:09 | Create | Villager (Male) |
| 23:09 | Create | Villager (Male) |
| 23:09 | Create | Villager (Male) |
| 23:10 | Create | Villager (Male) |
| 23:13 | Build | Farm |
| 23:13 | Build | Farm |
| 23:13 | Build | Farm |
| 23:13 | Build | Farm |
| 23:17 | Build | Farm |
| 23:23 | Create | Villager (Male) |
| 23:31 | Create | Genoese Crossbowman |
| 23:31 | Create | Genoese Crossbowman |
| 23:40 | Create | Villager (Male) |
| 23:56 | Build | Farm |
| 23:56 | Build | Farm |
| 23:56 | Build | Farm |
| 23:59 | Create | Villager (Male) |
| 24:49 | Create | Genoese Crossbowman |
| 24:49 | Create | Genoese Crossbowman |
| 24:49 | Create | Genoese Crossbowman |
| 24:50 | Create | Genoese Crossbowman |
| 25:02 | Research | Wheelbarrow |
| 25:08 | Create | Villager (Male) |
| 25:08 | Create | Villager (Male) |
| 25:09 | Create | Villager (Male) |
| 25:12 | Build | Farm |
| 25:12 | Build | Farm |
| 25:15 | Create | Villager (Male) |
| 25:16 | Create | Villager (Male) |
| 25:16 | Create | Villager (Male) |
| 25:31 | Create | Villager (Male) |
| 25:37 | Build | Farm |
| 25:37 | Build | Farm |
| 25:37 | Build | Farm |
| 25:37 | Build | Farm |
| 25:38 | Build | Farm |
| 25:38 | Build | Farm |
| 25:41 | Create | Villager (Male) |
| 25:42 | Create | Genoese Crossbowman |
| 25:49 | Create | Villager (Male) |
| 25:49 | Create | Villager (Male) |
| 26:18 | Create | Villager (Male) |
| 26:18 | Create | Villager (Male) |
| 26:18 | Create | Villager (Male) |
| 26:20 | Create | Genoese Crossbowman |
| 26:20 | Create | Genoese Crossbowman |
| 26:31 | Research | Gold Mining |
| 26:48 | Create | Villager (Male) |
| 26:48 | Create | Villager (Male) |
| 26:57 | Build | House |
| 26:58 | Build | House |
| 27:10 | Build | University |
| 27:28 | Research | Fletching |
| 27:29 | Research | Padded Archer Armor |
| 27:30 | Create | Villager (Male) |
| 27:30 | Create | Villager (Male) |
Build order — Ultio
First 150 of 332 actions detected
| 0:01 | Create | Villager (Male) |
| 0:03 | Build | House |
| 0:04 | Build | House |
| 0:09 | Create | Villager (Male) |
| 0:09 | Create | Villager (Male) |
| 0:10 | Create | Villager (Male) |
| 1:17 | Create | Villager (Male) |
| 1:39 | Create | Villager (Male) |
| 1:54 | Build | Lumber Camp |
| 2:13 | Create | Villager (Male) |
| 2:32 | Create | Villager (Male) |
| 2:45 | Create | Villager (Male) |
| 3:07 | Create | Villager (Male) |
| 3:33 | Build | House |
| 3:34 | Build | House |
| 3:37 | Build | House |
| 3:42 | Create | Villager (Male) |
| 3:42 | Create | Villager (Male) |
| 4:14 | Create | Villager (Male) |
| 4:43 | Build | Mill |
| 4:53 | Create | Villager (Male) |
| 4:53 | Create | Villager (Male) |
| 5:46 | Create | Villager (Male) |
| 6:08 | Create | Villager (Male) |
| 6:09 | Create | Villager (Male) |
| 6:43 | Create | Villager (Male) |
| 7:19 | Build | Mining Camp |
| 7:19 | Create | Villager (Male) |
| 7:54 | Create | Villager (Male) |
| 8:16 | Create | Villager (Male) |
| 8:25 | Build | Mining Camp |
| 8:27 | Research | Feudal Age |
| 9:54 | Build | Farm |
| 10:14 | Build | Farm |
| 10:30 | Create | Villager (Male) |
| 10:56 | Age | Feudal Age |
| 11:06 | Build | Market |
| 11:07 | Create | Villager (Male) |
| 11:12 | Build | Blacksmith |
| 11:35 | Build | House |
| 11:56 | Research | Castle Age |
| 12:07 | Build | House |
| 12:33 | Research | Double-Bit Axe |
| 13:22 | Research | Horse Collar |
| 14:22 | Research | Town Watch |
| 14:28 | Build | Outpost |
| 14:36 | Age | Castle Age |
| 14:45 | Create | Villager (Male) |
| 14:47 | Build | Town Center |
| 15:05 | Build | Town Center |
| 15:13 | Build | Farm |
| 15:20 | Create | Villager (Male) |
| 15:29 | Build | Farm |
| 15:30 | Build | Farm |
| 15:31 | Build | Farm |
| 15:43 | Build | Farm |
| 15:47 | Build | Farm |
| 15:49 | Build | Farm |
| 15:51 | Create | Villager (Male) |
| 16:15 | Create | Villager (Male) |
| 16:23 | Build | Farm |
| 16:24 | Build | Farm |
| 16:25 | Build | Farm |
| 16:26 | Build | Farm |
| 16:30 | Create | Villager (Male) |
| 16:40 | Build | Farm |
| 16:42 | Build | Farm |
| 16:47 | Create | Villager (Male) |
| 16:57 | Build | House |
| 17:02 | Create | Villager (Male) |
| 17:14 | Create | Villager (Male) |
| 17:25 | Build | House |
| 17:26 | Build | House |
| 17:29 | Create | Villager (Male) |
| 17:35 | Create | Villager (Male) |
| 17:37 | Build | Farm |
| 17:48 | Create | Villager (Male) |
| 18:00 | Build | Farm |
| 18:05 | Create | Villager (Male) |
| 18:05 | Create | Villager (Male) |
| 18:10 | Build | Farm |
| 18:22 | Create | Villager (Male) |
| 18:22 | Create | Villager (Male) |
| 18:28 | Build | Farm |
| 18:33 | Create | Villager (Male) |
| 18:36 | Build | House |
| 18:48 | Create | Villager (Male) |
| 18:49 | Create | Villager (Male) |
| 18:53 | Build | Farm |
| 19:00 | Create | Villager (Male) |
| 19:04 | Build | Farm |
| 19:07 | Build | House |
| 19:09 | Build | House |
| 19:13 | Create | Villager (Male) |
| 19:13 | Create | Villager (Male) |
| 19:23 | Build | Farm |
| 19:28 | Create | Villager (Male) |
| 19:31 | Create | Villager (Male) |
| 19:42 | Build | Farm |
| 19:45 | Build | Farm |
| 19:48 | Create | Villager (Male) |
| 19:48 | Create | Villager (Male) |
| 20:04 | Create | Villager (Male) |
| 20:05 | Create | Villager (Male) |
| 20:06 | Create | Villager (Male) |
| 20:10 | Build | House |
| 20:11 | Build | House |
| 20:15 | Research | Bow Saw |
| 20:20 | Build | Lumber Camp |
| 20:26 | Create | Villager (Male) |
| 20:31 | Build | Farm |
| 20:35 | Create | Villager (Male) |
| 20:35 | Create | Villager (Male) |
| 20:51 | Create | Villager (Male) |
| 20:51 | Create | Villager (Male) |
| 20:58 | Build | Town Center |
| 21:01 | Build | House |
| 21:08 | Create | Villager (Male) |
| 21:09 | Create | Villager (Male) |
| 21:12 | Build | Farm |
| 21:15 | Build | Farm |
| 21:20 | Create | Villager (Male) |
| 21:20 | Create | Villager (Male) |
| 21:25 | Build | Farm |
| 21:28 | Create | Villager (Male) |
| 21:35 | Build | House |
| 21:36 | Build | House |
| 21:43 | Research | Gold Mining |
| 21:50 | Create | Villager (Male) |
| 22:02 | Create | Villager (Male) |
| 22:03 | Create | Villager (Male) |
| 22:04 | Create | Villager (Male) |
| 22:17 | Create | Villager (Male) |
| 22:20 | Research | Wheelbarrow |
| 22:32 | Create | Villager (Male) |
| 22:37 | Build | University |
| 22:41 | Build | Monastery |
| 22:42 | Create | Villager (Male) |
| 22:43 | Create | Villager (Male) |
| 22:44 | Create | Villager (Male) |
| 22:54 | Build | Farm |
| 22:54 | Build | Farm |
| 22:55 | Build | Farm |
| 22:56 | Build | Farm |
| 22:57 | Build | Farm |
| 22:58 | Build | Mill |
| 23:07 | Create | Villager (Male) |
| 23:08 | Create | Villager (Male) |
| 23:08 | Create | Villager (Male) |
| 23:09 | Create | Villager (Male) |
Build order — earthshaker82
First 150 of 321 actions detected
| 0:02 | Create | Villager (Male) ×4 |
| 0:02 | Create | Villager (Male) ×4 |
| 0:02 | Create | Villager (Male) ×4 |
| 0:05 | Build | House |
| 0:06 | Build | House |
| 1:25 | Create | Villager (Male) |
| 1:47 | Build | Lumber Camp |
| 1:53 | Create | Villager (Male) |
| 2:29 | Create | Villager (Male) |
| 2:52 | Create | Villager (Male) |
| 2:59 | Create | Villager (Male) |
| 3:26 | Build | House |
| 3:27 | Build | House |
| 3:35 | Create | Villager (Male) |
| 4:10 | Create | Villager (Male) |
| 4:25 | Build | Mill |
| 4:28 | Build | House |
| 4:36 | Create | Villager (Male) |
| 4:59 | Create | Villager (Male) |
| 5:00 | Create | Villager (Male) |
| 5:31 | Build | Palisade Wall |
| 5:37 | Build | Palisade Wall |
| 5:39 | Build | Palisade Wall |
| 5:53 | Create | Villager (Male) |
| 5:53 | Create | Villager (Male) |
| 6:01 | Create | Villager (Male) |
| 6:01 | Create | Villager (Male) |
| 6:10 | Build | Palisade Wall |
| 6:15 | Build | Lumber Camp |
| 6:31 | Create | Villager (Male) |
| 6:32 | Create | Villager (Male) |
| 6:57 | Create | Villager (Male) |
| 7:11 | Build | Farm |
| 7:15 | Build | Farm |
| 7:35 | Build | Farm |
| 8:37 | Build | Mining Camp |
| 8:42 | Research | Feudal Age |
| 9:11 | Create | Villager (Male) |
| 10:10 | Create | Villager (Male) |
| 10:58 | Age | Feudal Age |
| 11:02 | Build | Market |
| 11:04 | Build | Blacksmith |
| 11:32 | Research | Double-Bit Axe |
| 11:51 | Research | Castle Age |
| 12:13 | Research | Horse Collar |
| 12:55 | Create | Villager (Male) |
| 12:55 | Create | Villager (Male) |
| 14:31 | Age | Castle Age |
| 14:33 | Build | Town Center |
| 14:41 | Build | Town Center |
| 14:43 | Create | Villager (Male) |
| 14:45 | Research | Bow Saw |
| 14:57 | Build | Farm |
| 15:01 | Build | Farm |
| 15:03 | Build | Farm |
| 15:03 | Build | Farm |
| 15:04 | Build | Farm |
| 15:14 | Build | Farm |
| 15:32 | Create | Villager (Male) |
| 15:32 | Create | Villager (Male) |
| 15:32 | Create | Villager (Male) |
| 15:50 | Create | Villager (Male) |
| 15:53 | Build | House |
| 15:54 | Build | House |
| 15:59 | Build | Farm |
| 16:02 | Create | Villager (Male) |
| 16:07 | Create | Villager (Male) |
| 16:08 | Create | Villager (Male) |
| 16:23 | Create | Villager (Male) |
| 16:23 | Create | Villager (Male) |
| 16:37 | Create | Villager (Male) |
| 16:37 | Create | Villager (Male) |
| 16:38 | Build | Farm |
| 16:39 | Build | Farm |
| 16:39 | Build | Farm |
| 16:39 | Build | Farm |
| 16:42 | Build | Farm |
| 16:43 | Create | Villager (Male) |
| 16:43 | Create | Villager (Male) |
| 16:50 | Build | Farm |
| 16:54 | Build | Farm |
| 16:55 | Create | Villager (Male) |
| 17:06 | Build | House |
| 17:10 | Build | House |
| 17:25 | Create | Villager (Male) |
| 17:25 | Create | Villager (Male) |
| 17:30 | Build | Farm |
| 17:44 | Create | Villager (Male) |
| 17:45 | Create | Villager (Male) |
| 17:50 | Build | Town Center |
| 17:54 | Create | Villager (Male) |
| 17:58 | Build | House |
| 18:07 | Create | Villager (Male) |
| 18:14 | Create | Villager (Male) |
| 18:21 | Research | Wheelbarrow |
| 18:22 | Create | Villager (Male) |
| 18:43 | Create | Villager (Male) |
| 18:46 | Build | House |
| 18:47 | Build | House |
| 18:48 | Create | Villager (Male) |
| 18:50 | Build | Siege Workshop |
| 19:15 | Create | Villager (Male) |
| 19:15 | Create | Villager (Male) |
| 19:16 | Create | Villager (Male) |
| 19:19 | Create | Villager (Male) |
| 19:42 | Create | Mangonel |
| 19:49 | Build | Outpost |
| 19:50 | Research | Town Watch |
| 19:50 | Create | Villager (Male) |
| 19:51 | Research | Loom |
| 19:53 | Build | Outpost |
| 19:55 | Build | Outpost |
| 19:57 | Build | Farm |
| 19:59 | Create | Villager (Male) |
| 19:59 | Create | Villager (Male) |
| 20:10 | Build | House |
| 20:18 | Build | Farm |
| 20:21 | Build | Farm |
| 20:24 | Build | Farm |
| 20:25 | Build | Farm |
| 20:26 | Build | Farm |
| 20:27 | Create | Villager (Male) |
| 20:27 | Create | Villager (Male) |
| 20:47 | Create | Mangonel |
| 20:53 | Create | Villager (Male) |
| 20:53 | Create | Villager (Male) |
| 20:54 | Create | Mangonel |
| 20:58 | Build | House |
| 20:59 | Build | House |
| 21:00 | Create | Villager (Male) |
| 21:01 | Create | Villager (Male) |
| 21:03 | Build | Farm |
| 21:03 | Build | Farm |
| 21:03 | Build | Farm |
| 21:04 | Build | Farm |
| 21:08 | Build | Farm |
| 21:10 | Create | Villager (Male) |
| 21:11 | Create | Villager (Male) |
| 22:08 | Create | Villager (Male) ×5 |
| 22:09 | Create | Villager (Male) ×4 |
| 22:32 | Create | Villager (Male) ×5 |
| 22:46 | Create | Villager (Male) ×2 |
| 22:55 | Create | Villager (Male) ×2 |
| 22:58 | Build | Mill |
| 22:58 | Build | Farm |
| 22:59 | Build | Farm |
| 22:59 | Build | Farm |
| 22:59 | Build | Farm |
| 22:59 | Build | Farm |
| 23:00 | Build | Farm |
Build order — TheBlackMamba
First 150 of 310 actions detected
| 0:00 | Create | Villager (Male) |
| 0:00 | Create | Villager (Male) |
| 0:01 | Create | Villager (Male) |
| 0:01 | Create | Villager (Male) |
| 0:04 | Build | House |
| 0:06 | Build | House |
| 1:02 | Build | Palisade Gate |
| 1:15 | Build | Palisade Gate |
| 1:20 | Build | Palisade Gate |
| 1:22 | Create | Villager (Male) |
| 1:32 | Build | Palisade Gate |
| 1:41 | Build | Palisade Wall |
| 1:45 | Create | Villager (Male) |
| 1:46 | Create | Villager (Male) |
| 2:27 | Create | Villager (Male) |
| 2:38 | Create | Villager (Male) |
| 3:03 | Create | Villager (Male) |
| 3:31 | Create | Villager (Male) |
| 3:45 | Create | Villager (Male) |
| 3:56 | Build | House |
| 4:12 | Build | House |
| 4:13 | Build | House |
| 4:14 | Create | Villager (Male) |
| 4:27 | Create | Villager (Male) |
| 4:27 | Create | Villager (Male) |
| 4:56 | Build | Lumber Camp |
| 5:17 | Create | Villager (Male) |
| 5:17 | Create | Villager (Male) |
| 5:55 | Build | Mill |
| 5:56 | Create | Villager (Male) |
| 6:04 | Create | Villager (Male) |
| 6:50 | Create | Villager (Male) |
| 6:50 | Create | Villager (Male) |
| 7:38 | Create | Villager (Male) |
| 8:08 | Create | Villager (Male) |
| 8:49 | Build | Mining Camp |
| 8:55 | Research | Feudal Age |
| 9:05 | Build | Farm |
| 9:08 | Build | Farm |
| 9:13 | Create | Villager (Male) |
| 9:13 | Create | Villager (Male) |
| 11:21 | Age | Feudal Age |
| 11:22 | Build | Market |
| 11:25 | Build | Blacksmith |
| 12:11 | Research | Castle Age |
| 12:11 | Research | Castle Age |
| 12:15 | Build | House |
| 12:22 | Research | Double-Bit Axe |
| 12:48 | Research | Horse Collar |
| 12:57 | Build | House |
| 13:42 | Create | Villager (Male) |
| 13:43 | Create | Villager (Male) |
| 14:51 | Age | Castle Age |
| 14:56 | Build | Town Center |
| 15:00 | Build | Town Center |
| 15:19 | Create | Villager (Male) |
| 15:19 | Create | Villager (Male) |
| 15:26 | Research | Bow Saw |
| 15:27 | Research | Heavy Plow |
| 15:57 | Build | House |
| 16:03 | Build | Palisade Gate |
| 16:13 | Create | Villager (Male) |
| 16:16 | Build | Farm |
| 16:24 | Build | House |
| 16:35 | Create | Villager (Male) |
| 16:36 | Create | Villager (Male) |
| 16:38 | Build | Farm |
| 16:42 | Build | Farm |
| 16:42 | Create | Villager (Male) |
| 16:43 | Create | Villager (Male) |
| 16:43 | Create | Villager (Male) |
| 16:44 | Create | Villager (Male) |
| 16:44 | Create | Villager (Male) |
| 16:49 | Create | Villager (Male) |
| 16:49 | Create | Villager (Male) |
| 17:03 | Build | Farm |
| 17:05 | Build | Farm |
| 17:05 | Create | Villager (Male) |
| 17:07 | Build | Farm |
| 17:12 | Build | Farm |
| 17:26 | Build | Farm |
| 17:29 | Create | Villager (Male) |
| 17:34 | Build | House |
| 17:35 | Create | Villager (Male) |
| 17:35 | Create | Villager (Male) |
| 17:55 | Create | Villager (Male) |
| 17:55 | Create | Villager (Male) |
| 17:57 | Build | House |
| 18:01 | Build | Farm |
| 18:04 | Create | Villager (Male) |
| 18:16 | Build | Farm |
| 18:16 | Create | Villager (Male) |
| 18:27 | Build | Farm |
| 18:30 | Create | Villager (Male) |
| 18:30 | Create | Villager (Male) |
| 18:35 | Build | Farm |
| 18:38 | Create | Villager (Male) |
| 18:38 | Create | Villager (Male) |
| 18:41 | Build | House |
| 18:47 | Create | Villager (Male) |
| 18:56 | Build | Farm |
| 18:57 | Create | Villager (Male) |
| 19:02 | Create | Villager (Male) |
| 19:14 | Build | Monastery |
| 19:21 | Research | Wheelbarrow |
| 19:22 | Create | Villager (Male) |
| 19:37 | Create | Villager (Male) |
| 19:40 | Build | Farm |
| 19:46 | Build | House |
| 19:49 | Build | Farm |
| 19:51 | Create | Villager (Male) |
| 19:56 | Create | Villager (Male) |
| 20:01 | Build | Farm |
| 20:03 | Create | Monk |
| 20:08 | Build | House |
| 20:08 | Create | Villager (Male) |
| 20:09 | Create | Villager (Male) |
| 20:12 | Build | Farm |
| 20:14 | Build | Farm |
| 20:14 | Create | Villager (Male) |
| 20:24 | Create | Villager (Male) |
| 20:24 | Create | Villager (Male) |
| 20:28 | Build | Farm |
| 20:29 | Build | Farm |
| 20:30 | Build | Farm |
| 20:31 | Create | Villager (Male) |
| 20:36 | Build | Farm |
| 20:36 | Create | Villager (Male) |
| 20:37 | Create | Villager (Male) |
| 20:43 | Build | House |
| 20:53 | Build | Farm |
| 20:55 | Build | Farm |
| 20:55 | Build | Farm |
| 20:57 | Create | Villager (Male) |
| 20:57 | Create | Villager (Male) |
| 21:04 | Create | Villager (Male) |
| 21:04 | Create | Villager (Male) |
| 21:12 | Create | Villager (Male) |
| 21:14 | Build | Lumber Camp |
| 21:23 | Create | Villager (Male) |
| 21:23 | Create | Villager (Male) |
| 21:35 | Build | House |
| 21:35 | Create | Villager (Male) |
| 21:35 | Create | Villager (Male) |
| 21:36 | Create | Villager (Male) |
| 21:40 | Build | University |
| 21:41 | Create | Villager (Male) |
| 21:42 | Create | Villager (Male) |
| 21:44 | Build | Farm |
| 21:49 | Build | Farm |
Build order — Cadora
First 150 of 311 actions detected
| 0:02 | Create | Villager (Male) |
| 0:02 | Create | Villager (Male) |
| 0:03 | Create | Villager (Male) |
| 0:03 | Create | Villager (Male) |
| 0:04 | Build | House |
| 0:05 | Build | House |
| 1:30 | Create | Villager (Male) |
| 1:30 | Create | Villager (Male) |
| 1:52 | Build | Lumber Camp |
| 1:58 | Create | Villager (Male) |
| 1:59 | Create | Villager (Male) |
| 2:08 | Create | Villager (Male) |
| 2:08 | Create | Villager (Male) |
| 2:38 | Create | Villager (Male) |
| 2:38 | Create | Villager (Male) |
| 3:06 | Create | Villager (Male) |
| 3:33 | Build | House |
| 3:44 | Create | Villager (Male) |
| 3:44 | Create | Villager (Male) |
| 3:44 | Create | Villager (Male) |
| 4:04 | Build | Mill |
| 4:12 | Create | Villager (Male) |
| 4:12 | Create | Villager (Male) |
| 4:13 | Create | Villager (Male) |
| 4:13 | Create | Villager (Male) |
| 4:56 | Create | Villager (Male) |
| 5:09 | Create | Villager (Male) |
| 5:10 | Create | Villager (Male) |
| 5:14 | Build | House |
| 5:40 | Create | Villager (Male) |
| 5:52 | Create | Villager (Male) |
| 6:08 | Build | Mill |
| 6:13 | Create | Villager (Male) |
| 6:56 | Create | Villager (Male) |
| 7:19 | Create | Villager (Male) |
| 7:45 | Create | Villager (Male) |
| 8:11 | Create | Villager (Male) |
| 8:36 | Build | Mining Camp |
| 8:42 | Research | Feudal Age |
| 10:03 | Build | House |
| 10:57 | Age | Feudal Age |
| 10:59 | Build | Market |
| 11:01 | Build | Blacksmith |
| 11:02 | Create | Villager (Male) |
| 11:31 | Create | Villager (Male) |
| 11:45 | Build | House |
| 11:50 | Research | Castle Age |
| 11:55 | Build | Barracks |
| 12:11 | Build | Farm |
| 12:13 | Build | Farm |
| 12:22 | Build | House |
| 12:32 | Research | Double-Bit Axe |
| 13:11 | Build | Archery Range |
| 14:17 | Research | Horse Collar |
| 14:31 | Create | Villager (Male) |
| 14:31 | Create | Villager (Male) |
| 14:36 | Age | Castle Age |
| 14:39 | Build | Siege Workshop |
| 14:41 | Create | Unit 1911 |
| 14:41 | Create | Unit 1911 |
| 14:42 | Create | Unit 1911 |
| 14:42 | Create | Unit 1911 |
| 14:42 | Create | Unit 1911 |
| 14:45 | Create | Villager (Male) |
| 14:51 | Build | Farm |
| 15:12 | Research | Gold Mining |
| 15:21 | Create | Battering Ram |
| 15:53 | Create | Villager (Male) |
| 15:54 | Create | Villager (Male) |
| 15:55 | Create | Battering Ram |
| 16:00 | Create | Unit 1911 |
| 16:17 | Create | Unit 1911 |
| 16:25 | Create | Battering Ram |
| 16:26 | Create | Battering Ram |
| 16:40 | Create | Unit 1911 |
| 16:43 | Create | Villager (Male) |
| 16:46 | Build | House |
| 17:12 | Build | House |
| 17:17 | Create | Battering Ram |
| 17:19 | Create | Unit 1911 |
| 17:19 | Create | Unit 1911 |
| 17:20 | Create | Unit 1911 |
| 17:23 | Create | Villager (Male) |
| 17:51 | Create | Unit 1911 |
| 17:52 | Create | Unit 1911 |
| 17:52 | Create | Unit 1911 |
| 17:52 | Create | Unit 1911 |
| 17:58 | Build | House |
| 17:59 | Build | House |
| 18:02 | Build | Farm |
| 18:04 | Create | Villager (Male) |
| 18:08 | Create | Unit 1911 |
| 18:43 | Build | Farm |
| 18:56 | Build | Mining Camp |
| 18:58 | Build | Farm |
| 19:00 | Build | Farm |
| 19:40 | Create | Villager (Male) |
| 19:44 | Build | House |
| 20:08 | Create | Villager (Male) |
| 20:09 | Build | Farm |
| 20:12 | Create | Unit 1911 |
| 20:12 | Create | Unit 1911 |
| 20:12 | Create | Unit 1911 |
| 20:12 | Create | Unit 1911 |
| 20:12 | Create | Unit 1911 |
| 20:13 | Create | Unit 1911 |
| 20:19 | Build | House |
| 20:50 | Build | House |
| 20:51 | Create | Villager (Male) |
| 20:54 | Create | Villager (Male) |
| 21:17 | Create | Villager (Male) |
| 21:19 | Build | Farm |
| 21:25 | Build | Farm |
| 23:10 | Create | Villager (Male) |
| 23:12 | Build | Farm |
| 23:13 | Build | Farm |
| 23:13 | Create | Villager (Male) |
| 23:17 | Create | Unit 1911 |
| 23:17 | Create | Unit 1911 |
| 23:17 | Create | Unit 1911 |
| 23:17 | Create | Unit 1911 |
| 23:18 | Create | Unit 1911 |
| 23:18 | Create | Unit 1911 |
| 23:18 | Create | Unit 1911 |
| 23:41 | Build | Farm |
| 23:47 | Build | Town Center |
| 23:48 | Create | Villager (Male) |
| 23:55 | Build | Town Center |
| 24:19 | Create | Villager (Male) |
| 24:21 | Research | Bow Saw |
| 24:21 | Research | Bow Saw |
| 24:25 | Build | Farm |
| 25:00 | Create | Villager (Male) |
| 25:03 | Research | Wheelbarrow |
| 25:08 | Build | Lumber Camp |
| 25:23 | Create | Villager (Male) |
| 25:23 | Create | Villager (Male) |
| 25:25 | Build | Farm |
| 25:33 | Build | Farm |
| 25:35 | Build | Farm |
| 25:37 | Build | Farm |
| 25:39 | Create | Villager (Male) |
| 25:40 | Create | Villager (Male) |
| 26:43 | Create | Villager (Male) |
| 26:44 | Create | Villager (Male) |
| 26:46 | Build | Farm |
| 26:47 | Build | Farm |
| 26:48 | Create | Villager (Male) |
| 26:50 | Create | Villager (Male) |
| 26:53 | Build | Farm |
Build order — vio
First 150 of 279 actions detected
| 0:01 | Create | Villager (Male) |
| 0:01 | Create | Villager (Male) |
| 0:04 | Research | Loom |
| 0:05 | Build | House |
| 0:06 | Build | House |
| 0:11 | Create | Villager (Male) |
| 0:12 | Create | Villager (Male) |
| 0:40 | Create | Villager (Male) |
| 0:40 | Create | Villager (Male) |
| 1:27 | Create | Villager (Male) |
| 1:50 | Create | Villager (Male) |
| 2:22 | Build | Lumber Camp |
| 2:31 | Create | Villager (Male) |
| 2:32 | Create | Villager (Male) |
| 3:05 | Create | Villager (Male) |
| 3:31 | Build | House |
| 3:56 | Create | Villager (Male) |
| 3:56 | Create | Villager (Male) |
| 4:16 | Build | Mill |
| 4:23 | Create | Villager (Male) |
| 4:23 | Create | Villager (Male) |
| 5:40 | Build | Mill |
| 5:47 | Create | Villager (Male) |
| 6:16 | Create | Villager (Male) |
| 6:44 | Build | House |
| 6:50 | Create | Villager (Male) |
| 6:53 | Create | Villager (Male) |
| 7:30 | Create | Villager (Male) |
| 7:50 | Create | Villager (Male) |
| 8:29 | Build | Mining Camp |
| 8:35 | Create | Villager (Male) |
| 8:51 | Research | Feudal Age |
| 10:48 | Create | Villager (Male) |
| 10:49 | Create | Villager (Male) |
| 11:10 | Age | Feudal Age |
| 11:14 | Build | Market |
| 11:17 | Build | Blacksmith |
| 11:18 | Build | House |
| 11:19 | Build | House |
| 11:54 | Build | House |
| 12:06 | Research | Castle Age |
| 12:06 | Research | Castle Age |
| 12:18 | Research | Double-Bit Axe |
| 12:42 | Build | House |
| 14:05 | Research | Horse Collar |
| 14:46 | Age | Castle Age |
| 15:04 | Build | Town Center |
| 15:10 | Build | Town Center |
| 15:15 | Create | Villager (Male) |
| 15:38 | Create | Villager (Male) |
| 15:43 | Create | Villager (Male) |
| 16:14 | Create | Villager (Male) |
| 16:17 | Build | Farm |
| 16:17 | Build | Farm |
| 16:21 | Create | Villager (Male) |
| 16:21 | Create | Villager (Male) |
| 16:39 | Create | Villager (Male) |
| 16:39 | Create | Villager (Male) |
| 16:41 | Build | Farm |
| 16:49 | Create | Villager (Male) |
| 16:57 | Build | Farm |
| 16:58 | Build | Farm |
| 16:59 | Build | Farm |
| 17:01 | Build | Farm |
| 17:02 | Create | Villager (Male) |
| 17:04 | Create | Villager (Male) |
| 17:04 | Create | Villager (Male) |
| 17:26 | Create | Villager (Male) |
| 17:26 | Create | Villager (Male) |
| 17:29 | Build | Farm |
| 17:30 | Build | Farm |
| 17:36 | Build | Farm |
| 17:37 | Build | Farm |
| 17:39 | Create | Villager (Male) |
| 17:41 | Create | Villager (Male) |
| 17:42 | Create | Villager (Male) |
| 17:47 | Build | Farm |
| 17:49 | Build | Farm |
| 17:52 | Build | Farm |
| 18:06 | Build | House |
| 18:06 | Build | House |
| 18:19 | Build | Farm |
| 18:20 | Build | Farm |
| 18:22 | Build | Farm |
| 18:25 | Create | Villager (Male) |
| 18:25 | Create | Villager (Male) |
| 18:45 | Create | Villager (Male) |
| 18:46 | Create | Villager (Male) |
| 18:49 | Build | Farm |
| 18:50 | Build | Farm |
| 18:55 | Build | Farm |
| 19:00 | Create | Villager (Male) |
| 19:01 | Create | Villager (Male) |
| 19:03 | Build | Farm |
| 19:10 | Build | Farm |
| 19:12 | Build | Farm |
| 19:14 | Build | Farm |
| 19:16 | Create | Villager (Male) |
| 19:20 | Build | House |
| 19:23 | Build | House |
| 19:26 | Create | Villager (Male) |
| 19:49 | Create | Villager (Male) |
| 19:49 | Create | Villager (Male) |
| 20:01 | Build | Farm |
| 20:02 | Create | Villager (Male) |
| 20:03 | Create | Villager (Male) |
| 20:07 | Build | Farm |
| 20:09 | Build | Farm |
| 20:11 | Create | Villager (Male) |
| 20:11 | Create | Villager (Male) |
| 20:28 | Create | Villager (Male) |
| 20:28 | Create | Villager (Male) |
| 20:31 | Create | Villager (Male) |
| 20:36 | Build | House |
| 20:37 | Build | House |
| 20:40 | Create | Villager (Male) |
| 20:40 | Create | Villager (Male) |
| 20:51 | Build | Farm |
| 20:52 | Research | Wheelbarrow |
| 20:52 | Research | Wheelbarrow |
| 20:56 | Build | Farm |
| 21:06 | Build | House |
| 21:13 | Create | Villager (Male) |
| 21:13 | Create | Villager (Male) |
| 21:39 | Build | Town Center |
| 21:42 | Create | Villager (Male) |
| 21:50 | Build | Farm |
| 21:55 | Build | Farm |
| 21:56 | Create | Villager (Male) |
| 21:57 | Create | Villager (Male) |
| 22:03 | Build | House |
| 22:04 | Build | House |
| 22:05 | Build | House |
| 22:10 | Create | Villager (Male) |
| 22:10 | Create | Villager (Male) |
| 22:20 | Research | Bow Saw |
| 22:45 | Create | Villager (Male) |
| 22:45 | Create | Villager (Male) |
| 22:50 | Research | Hand Cart |
| 23:02 | Create | Villager (Male) |
| 23:02 | Create | Villager (Male) |
| 23:13 | Create | Villager (Male) |
| 23:13 | Create | Villager (Male) |
| 23:15 | Build | House |
| 23:16 | Build | House |
| 23:26 | Create | Villager (Male) |
| 23:27 | Create | Villager (Male) |
| 23:45 | Create | Villager (Male) |
| 23:46 | Create | Villager (Male) |
| 23:46 | Create | Villager (Male) |
Build order — iGracchus
First 150 of 215 actions detected
| 0:00 | Create | Villager (Male) |
| 0:01 | Create | Villager (Male) |
| 0:01 | Create | Villager (Male) |
| 0:02 | Build | House |
| 0:03 | Build | House |
| 0:04 | Create | Villager (Male) |
| 0:05 | Create | Villager (Male) |
| 0:15 | Create | Villager (Male) |
| 1:27 | Create | Villager (Male) |
| 1:47 | Build | Lumber Camp |
| 1:49 | Create | Villager (Male) |
| 2:41 | Create | Villager (Male) |
| 3:14 | Create | Villager (Male) |
| 3:15 | Create | Villager (Male) |
| 3:32 | Build | Mill |
| 3:40 | Create | Villager (Male) |
| 3:58 | Build | House |
| 4:34 | Create | Villager (Male) |
| 5:19 | Create | Villager (Male) |
| 6:00 | Create | Villager (Male) |
| 6:00 | Create | Villager (Male) |
| 6:01 | Create | Villager (Male) |
| 6:01 | Create | Villager (Male) |
| 6:08 | Build | House |
| 6:30 | Build | Mill |
| 6:34 | Create | Villager (Male) |
| 6:45 | Create | Villager (Male) |
| 6:45 | Create | Villager (Male) |
| 6:47 | Create | Villager (Male) |
| 8:16 | Build | House |
| 8:26 | Research | Feudal Age |
| 8:44 | Build | Mining Camp |
| 10:07 | Create | Villager (Male) |
| 10:08 | Create | Villager (Male) |
| 11:05 | Age | Feudal Age |
| 11:10 | Build | Market |
| 11:15 | Build | Blacksmith |
| 12:01 | Research | Castle Age |
| 12:12 | Build | Barracks |
| 12:19 | Research | Double-Bit Axe |
| 13:23 | Research | Gold Mining |
| 13:25 | Research | Horse Collar |
| 13:36 | Create | Spearman |
| 13:37 | Create | Spearman |
| 13:42 | Build | Farm |
| 13:43 | Build | Farm |
| 13:46 | Build | Farm |
| 14:08 | Build | Lumber Camp |
| 14:39 | Create | Villager (Male) |
| 14:39 | Create | Villager (Male) |
| 14:41 | Age | Castle Age |
| 14:44 | Build | Town Center |
| 14:59 | Build | Monastery |
| 15:18 | Create | Spearman |
| 15:24 | Build | House |
| 15:31 | Build | House |
| 15:34 | Create | Monk |
| 15:42 | Create | Villager (Male) |
| 15:44 | Create | Villager (Male) ×5 |
| 16:01 | Build | Town Center |
| 16:07 | Create | Spearman |
| 16:20 | Build | Farm |
| 16:23 | Build | Farm |
| 16:28 | Create | Monk |
| 16:48 | Create | Villager (Male) |
| 16:53 | Build | Farm |
| 16:57 | Build | Farm |
| 17:01 | Build | Farm |
| 17:04 | Build | Farm |
| 17:25 | Build | Farm |
| 17:29 | Build | Farm |
| 17:39 | Create | Villager (Male) ×4 |
| 17:57 | Create | Monk |
| 18:03 | Create | Villager (Male) |
| 18:06 | Build | Farm |
| 18:07 | Build | Farm |
| 18:08 | Build | Farm |
| 18:10 | Build | Farm |
| 18:14 | Build | Farm |
| 18:21 | Create | Villager (Male) |
| 18:41 | Create | Spearman |
| 18:58 | Build | Stable |
| 19:07 | Create | Villager (Male) ×4 |
| 19:11 | Build | Farm |
| 19:17 | Build | Farm |
| 19:18 | Create | Villager (Male) |
| 19:28 | Build | Farm |
| 19:40 | Create | Villager (Male) ×3 |
| 20:10 | Create | Villager (Male) |
| 20:11 | Create | Villager (Male) ×2 |
| 20:22 | Create | Villager (Male) |
| 20:25 | Build | Farm |
| 20:30 | Build | Farm |
| 20:31 | Build | Farm |
| 20:36 | Build | House |
| 20:37 | Build | House |
| 20:40 | Build | Farm |
| 20:41 | Build | Farm |
| 20:47 | Create | Villager (Male) ×3 |
| 21:03 | Create | Villager (Male) ×3 |
| 21:12 | Build | Farm |
| 21:14 | Build | Farm |
| 21:37 | Build | Farm |
| 21:37 | Create | Villager (Male) ×4 |
| 21:43 | Build | Farm |
| 21:49 | Create | Villager (Male) ×2 |
| 21:58 | Create | Knight |
| 22:10 | Build | Stable |
| 22:14 | Build | House |
| 22:16 | Build | House |
| 22:17 | Build | House |
| 22:19 | Create | Villager (Male) ×5 |
| 22:24 | Build | House |
| 22:31 | Create | Knight |
| 22:45 | Research | Scale Barding Armor |
| 23:05 | Create | Knight |
| 23:08 | Research | Forging |
| 23:14 | Create | Knight |
| 23:20 | Build | Stable |
| 23:41 | Research | Chain Barding Armor |
| 23:42 | Create | Villager (Male) |
| 23:50 | Build | Farm |
| 23:50 | Build | Farm |
| 23:53 | Build | Farm |
| 24:01 | Create | Villager (Male) ×3 |
| 24:08 | Create | Knight |
| 24:12 | Build | Farm |
| 24:14 | Create | Villager (Male) |
| 24:20 | Build | Farm |
| 24:26 | Build | Farm |
| 24:39 | Create | Knight |
| 24:44 | Build | Stable |
| 24:47 | Build | House |
| 24:53 | Create | Villager (Male) ×5 |
| 25:11 | Build | Lumber Camp |
| 25:28 | Build | Farm |
| 25:28 | Build | Farm |
| 25:31 | Build | Farm |
| 25:44 | Research | Bloodlines |
| 25:47 | Research | Iron Casting |
| 25:51 | Create | Knight ×4 |
| 25:57 | Build | House |
| 25:58 | Build | House |
| 25:59 | Build | House |
| 26:05 | Build | Farm |
| 26:07 | Build | Farm |
| 26:13 | Create | Knight ×4 |
| 26:25 | Build | House |
| 26:27 | Build | House |
| 26:46 | Create | Villager (Male) |
Build order — GG
First 150 of 424 actions detected
| 0:01 | Create | Villager (Male) |
| 0:01 | Create | Villager (Male) |
| 0:02 | Create | Villager (Male) |
| 0:02 | Create | Villager (Male) |
| 1:21 | Create | Villager (Male) |
| 1:46 | Create | Villager (Male) |
| 1:47 | Create | Villager (Male) |
| 2:23 | Create | Villager (Male) |
| 2:24 | Create | Villager (Male) |
| 2:35 | Build | Lumber Camp |
| 2:41 | Create | Villager (Male) |
| 2:41 | Create | Villager (Male) |
| 3:12 | Create | Villager (Male) |
| 3:12 | Create | Villager (Male) |
| 3:53 | Create | Villager (Male) |
| 3:55 | Create | Villager (Male) |
| 3:55 | Create | Villager (Male) |
| 4:25 | Create | Villager (Male) |
| 4:55 | Create | Villager (Male) |
| 4:56 | Create | Villager (Male) |
| 4:56 | Create | Villager (Male) |
| 5:13 | Build | Mill |
| 6:11 | Create | Villager (Male) |
| 6:12 | Create | Villager (Male) |
| 6:38 | Create | Villager (Male) |
| 7:16 | Build | Mill |
| 7:28 | Create | Villager (Male) |
| 8:00 | Build | Mining Camp |
| 8:08 | Create | Villager (Male) |
| 8:42 | Research | Feudal Age |
| 8:42 | Research | Feudal Age |
| 10:35 | Create | Villager (Male) |
| 10:35 | Create | Villager (Male) |
| 10:56 | Age | Feudal Age |
| 10:59 | Build | Blacksmith |
| 11:05 | Build | Market |
| 11:44 | Create | Villager (Male) |
| 12:00 | Research | Horse Collar |
| 12:01 | Research | Castle Age |
| 12:01 | Research | Castle Age |
| 12:16 | Research | Double-Bit Axe |
| 12:16 | Research | Double-Bit Axe |
| 12:46 | Build | Farm |
| 12:47 | Build | Farm |
| 13:00 | Build | Farm |
| 13:03 | Build | Farm |
| 13:10 | Build | Farm |
| 13:50 | Create | Villager (Male) |
| 13:57 | Build | Farm |
| 14:51 | Age | Castle Age |
| 15:02 | Create | Villager (Male) |
| 15:03 | Create | Villager (Male) |
| 15:22 | Build | Town Center |
| 15:24 | Build | Town Center |
| 15:27 | Create | Villager (Male) |
| 15:29 | Build | Farm |
| 15:30 | Research | Bow Saw |
| 15:31 | Research | Bow Saw |
| 15:31 | Research | Heavy Plow |
| 15:32 | Research | Heavy Plow |
| 15:50 | Build | Farm |
| 16:11 | Create | Villager (Male) |
| 16:25 | Build | Farm |
| 16:27 | Build | Farm |
| 16:29 | Create | Villager (Male) |
| 16:33 | Create | Villager (Male) |
| 16:44 | Build | Farm |
| 16:48 | Create | Villager (Male) |
| 17:04 | Create | Villager (Male) |
| 17:06 | Build | Farm |
| 17:07 | Build | Farm |
| 17:08 | Build | Farm |
| 17:10 | Build | Farm |
| 17:13 | Create | Villager (Male) |
| 17:19 | Build | Farm |
| 17:20 | Build | Farm |
| 17:26 | Build | Farm |
| 17:27 | Build | Farm |
| 17:29 | Build | Farm |
| 17:33 | Create | Villager (Male) |
| 17:54 | Build | Farm |
| 17:55 | Build | Farm |
| 17:59 | Create | Villager (Male) |
| 18:01 | Create | Villager (Male) |
| 18:09 | Build | Farm |
| 18:13 | Create | Villager (Male) |
| 18:19 | Create | Villager (Male) |
| 18:24 | Create | Villager (Male) |
| 18:27 | Build | Farm |
| 18:28 | Build | Farm |
| 18:28 | Build | Farm |
| 18:31 | Create | Villager (Male) |
| 18:42 | Create | Villager (Male) |
| 18:50 | Create | Villager (Male) |
| 18:55 | Create | Villager (Male) |
| 19:07 | Create | Villager (Male) |
| 19:18 | Create | Villager (Male) |
| 19:25 | Create | Villager (Male) |
| 19:31 | Build | Town Center |
| 19:41 | Research | Wheelbarrow |
| 19:41 | Research | Wheelbarrow |
| 19:46 | Build | Farm |
| 19:47 | Build | Farm |
| 19:51 | Create | Villager (Male) |
| 19:56 | Create | Villager (Male) |
| 20:02 | Build | University |
| 20:04 | Create | Villager (Male) |
| 20:05 | Create | Villager (Male) |
| 20:12 | Create | Villager (Male) |
| 20:16 | Create | Villager (Male) |
| 20:22 | Create | Villager (Male) |
| 20:34 | Build | Monastery |
| 20:37 | Build | Farm |
| 20:38 | Create | Villager (Male) |
| 20:40 | Create | Villager (Male) |
| 20:47 | Build | Lumber Camp |
| 20:57 | Research | Loom |
| 20:59 | Research | Gold Mining |
| 21:00 | Create | Villager (Male) |
| 21:04 | Create | Villager (Male) |
| 21:15 | Create | Villager (Male) |
| 21:16 | Create | Villager (Male) |
| 21:18 | Build | Farm |
| 21:20 | Build | Farm |
| 21:21 | Build | Farm |
| 21:26 | Build | Farm |
| 21:28 | Create | Villager (Male) |
| 21:35 | Create | Monk |
| 21:43 | Create | Villager (Male) |
| 21:44 | Create | Villager (Male) |
| 21:45 | Create | Villager (Male) |
| 21:48 | Create | Villager (Male) |
| 21:52 | Build | Barracks |
| 21:54 | Create | Villager (Male) |
| 22:06 | Create | Villager (Male) |
| 22:12 | Research | Stone Mining |
| 22:13 | Create | Villager (Male) |
| 22:14 | Create | Villager (Male) |
| 22:15 | Build | Farm |
| 22:17 | Build | Farm |
| 22:19 | Create | Villager (Male) |
| 22:20 | Create | Villager (Male) |
| 22:33 | Create | Villager (Male) |
| 22:39 | Create | Villager (Male) |
| 22:39 | Create | Villager (Male) |
| 22:40 | Create | Villager (Male) |
| 22:43 | Create | Villager (Male) |
| 22:52 | Build | Town Center |
| 22:58 | Create | Villager (Male) |
| 23:05 | Create | Villager (Male) |
Match timeline
| 1:41 | TheBlackMamba · wall_segment Palisade Wall x1 |
| 5:31 | earthshaker82 · wall_segment Palisade Wall x3 |
| 5:37 | earthshaker82 · wall_segment Palisade Wall x6 |
| 5:39 | earthshaker82 · wall_segment Palisade Wall x1 |
| 6:10 | earthshaker82 · wall_segment Palisade Wall x2 |
| 10:38 | Sergio · age_up feudal |
| 10:56 | GG · age_up feudal |
| 10:56 | Ultio · age_up feudal |
| 10:57 | Cadora · age_up feudal |
| 10:58 | earthshaker82 · age_up feudal |
| 11:05 | iGracchus · age_up feudal |
| 11:10 | vio · age_up feudal |
| 11:21 | TheBlackMamba · age_up feudal |
| 11:55 | Cadora · first_building Barracks |
| 12:12 | iGracchus · first_building Barracks |
| 13:11 | Cadora · first_building Archery Range |
| 14:31 | earthshaker82 · age_up castle |
| 14:36 | Ultio · age_up castle |
| 14:36 | Cadora · age_up castle |
| 14:39 | Cadora · first_building Siege Workshop |
| 14:41 | iGracchus · age_up castle |
| 14:46 | vio · age_up castle |
| 14:48 | Sergio · age_up castle |
| 14:51 | TheBlackMamba · age_up castle |
| 14:51 | GG · age_up castle |
| 14:54 | iGracchus · first_market_buy 100 wood |
| 14:59 | iGracchus · first_building Monastery |
| 15:20 | Cadora · first_market_sell 100 stone |
| 16:06 | earthshaker82 · first_market_buy 100 stone |
| 16:17 | Sergio · first_building Castle |
| 17:03 | Sergio · first_building Barracks |
| 18:50 | earthshaker82 · first_building Siege Workshop |
| 18:57 | Sergio · first_building Siege Workshop |
| 18:58 | iGracchus · first_building Stable |
| 19:14 | TheBlackMamba · first_building Monastery |
| 19:39 | earthshaker82 · tribute_sent a jugador 1 |
| 19:39 | earthshaker82 · tribute_sent a jugador 3 |
| 19:39 | earthshaker82 · tribute_sent a jugador 4 |
| 19:39 | earthshaker82 · tribute_sent a jugador 5 |
| 19:39 | earthshaker82 · tribute_sent a jugador 6 |
| 19:39 | earthshaker82 · tribute_sent a jugador 7 |
| 19:39 | earthshaker82 · tribute_sent a jugador 8 |
| 20:08 | Ultio · first_market_buy 100 food |
| 20:34 | GG · first_building Monastery |
| 21:52 | GG · first_building Barracks |
| 22:38 | iGracchus · first_market_sell 100 wood |
| 22:41 | Ultio · first_building Monastery |
| 23:16 | Ultio · first_building Barracks |
| 23:22 | earthshaker82 · first_building Monastery |
| 23:35 | GG · first_market_sell 100 food |
| 23:49 | TheBlackMamba · first_market_buy 100 food |
| 23:53 | TheBlackMamba · first_market_sell 100 stone |
| 23:59 | vio · first_building Barracks |
| 24:22 | GG · first_building Archery Range |
| 24:34 | Ultio · first_building Archery Range |
| 24:37 | TheBlackMamba · first_building Barracks |
| 25:05 | Ultio · first_building Castle |
| 25:16 | earthshaker82 · first_building Barracks |
| 25:20 | TheBlackMamba · first_building Archery Range |
| 25:25 | vio · first_building Castle |
| 25:34 | GG · wall_segment Stone Wall x30 |
| 26:04 | TheBlackMamba · first_building Castle |
| 26:11 | TheBlackMamba · first_building Stable |
| 26:20 | earthshaker82 · first_building Archery Range |
| 27:04 | TheBlackMamba · first_building Siege Workshop |
| 27:25 | GG · age_up imperial |
| 27:28 | TheBlackMamba · age_up imperial |
| 27:40 | earthshaker82 · first_building Castle |
| 28:25 | GG · first_building Castle |
| 28:55 | earthshaker82 · age_up imperial |
| 29:01 | Ultio · age_up imperial |
| 29:28 | vio · age_up imperial |
| 29:38 | Cadora · first_market_buy 100 food |
| 30:00 | GG · first_building Siege Workshop |
| 30:04 | earthshaker82 · first_market_sell 100 food |
| 30:49 | Ultio · first_market_sell 100 food |
| 30:54 | Sergio · first_market_sell 100 food |
| 31:10 | iGracchus · first_building Castle |
| 31:12 | Sergio · first_building Archery Range |
| 31:36 | Cadora · first_building Castle |
| 32:44 | iGracchus · age_up imperial |
| 33:56 | iGracchus · tribute_sent a jugador 1 |
| 33:56 | iGracchus · tribute_sent a jugador 2 |
| 33:56 | iGracchus · tribute_sent a jugador 3 |
| 33:56 | iGracchus · tribute_sent a jugador 4 |
| 33:56 | iGracchus · tribute_sent a jugador 5 |
| 33:56 | iGracchus · tribute_sent a jugador 7 |
| 33:56 | iGracchus · tribute_sent a jugador 8 |
| 34:06 | GG · first_building Stable |
| 34:08 | Sergio · age_up imperial |
| 34:33 | Ultio · wall_segment Stone Wall x2 |
| 34:57 | Cadora · age_up imperial |
| 35:04 | vio · resign |
[ AI ANALYSIS · 1 CREDIT ]
What really happened in this match?
Wolo.gg analyzes every decision: build order, eco, micro, common mistakes by bracket. Personalized analysis on WhatsApp or Discord in 30 seconds.
Civ guide
Italians
Perfil
Jugador #4713429